AoeStats
← [RAT] G0rm

Oasis

509157660Analyzed
3v3 RM · 7d ago on Sep 25, 2026· 24m 42s· 6 players
Game mode
Random Map
Map size
Normal (6 player)
Population
200
Speed
Normal
Resources
Standard
Victory
Conquest
Starting age
Dark Age
Ending age
Imperial Age
RankedLock teamsTeams togetherTeam positionsShared explorationLock speedFull tech treeHidden civsTurbo modeCheats
Victory
Defeat
🇷🇴 Japanese · Romania
1535
+15
🇳🇱 Danes · Netherlands
1531
+16
🇺🇸 Varangians · United States
1494
+17
🇦🇷 Ethiopians · Argentina
1550
-17
🇦🇷 Persians · Argentina
1512
-16
🇦🇷 Saracens · Argentina
1500
-15
[TOX2] A-c-Syno-666
4:21 Loom
8:46 Feudal Age
9:15 Double-Bit Axe
13:54 Horse Collar
18:35 Scale Barding Armor
19:25 Wheelbarrow
19:31 Forging
22:34 Bloodlines
26:18 Castle Age
[TOX2] satho
8:40 Feudal Age
9:24 Loom
13:32 Fletching
15:18 Double-Bit Axe
15:13 Horse Collar
16:57 Horse Collar
21:43 Castle Age
22:14 Gold Mining
21:50 Crossbowman
22:25 Bodkin Arrow
23:26 Bow Saw
23:18 Padded Archer Armor
24:17 Heavy Plow
25:25 Ballistics
abija
3:50 Loom
10:16 Feudal Age
11:44 Double-Bit Axe
13:36 Fletching
14:31 Horse Collar
17:47 Wheelbarrow
22:17 Castle Age
20:40 Gold Mining
22:09 Town Watch
22:19 Crossbowman
22:55 Bodkin Arrow
25:09 Padded Archer Armor
2rich4u81
6:19 Loom
9:42 Feudal Age
10:17 Double-Bit Axe
10:13 Horse Collar
14:45 Bloodlines
22:20 Castle Age
21:23 Scale Barding Armor
21:29 Forging
21:45 Gold Mining
22:24 Light Cavalry
23:05 Husbandry
23:18 Bow Saw
25:05 Chain Barding Armor
[RAT] Havik_AoE
5:48 Loom
9:03 Feudal Age
9:36 Man-at-Arms
19:45 Castle Age
19:29 Double-Bit Axe
19:24 Horse Collar
23:51 Wheelbarrow
24:41 Bow Saw
[RAT] G0rm
8:04 Loom
11:34 Feudal Age
12:07 Double-Bit Axe
14:57 Fletching
23:28 Castle Age
21:48 Padded Archer Armor
23:31 Crossbowman
24:07 Bodkin Arrow
24:48 Bow Saw
Connection lost

Rejoining the realm…

Still unreachable

The connection could not be restored.

Session expired

The server has moved on; the page needs a fresh start.